 Dungeon Crawl Stone Soup version 0.22-a0-346-ga714374 (webtiles) character file.

469 xccam the Covered (level 7, -1/52 HPs)
             Began as a Gnoll Wanderer on Apr 6, 2018.
             Was a Follower of the Shining One.
             Slain by a gnoll
             ... wielding a +0 spear
              (2 damage)
             ... on level 5 of the Dungeon.
             The game lasted 00:07:43 (3797 turns).

xccam the Covered (Gnoll Wanderer)                  Turns: 3797, Time: 00:07:44

Health: -1/52      AC:  8    Str: 17    XL:     7   Next: 9%
Magic:  10/10      EV: 12    Int: 14    God:    the Shining One [*.....]
Gold:   163        SH:  0    Dex: 14    Spells: 10/10 levels left

rFire    . . .     SeeInvis .   q - +0 long sword
rCold    + . .     Gourm    .   (no shield)
rNeg     . . .     Faith    .   f - +2 ring mail {rC+}
rPois    +         Spirit   .   (no helmet)
rElec    .         Reflect  .   (no cloak)
rCorr    .         Harm     .   (no gloves)
MR       +....                  (no boots)
Stlth    +.........             (no amulet)
HPRegen  0.17/turn              k - ring of protection from magic
MPRegen  0.12/turn              p - ring of poison resistance

@: glowing
A: distributed training, fangs 1, strong nose
a: Renounce Religion


You were on level 5 of the Dungeon.
You worshipped the Shining One.
The Shining One was aware of your devotion.
You were not hungry.

You visited 2 branches of the dungeon, and saw 6 of its levels.

You collected 179 gold pieces.
You donated 16 gold pieces to Zin.

Inventory:

Hand Weapons
 a - a +2 short sword
 q - a +0 long sword (weapon)
Missiles
 i - 2 javelins (quivered)
 r - 6 silver javelins
 t - 5 tomahawks
Armour
 f - a +2 ring mail of cold resistance (worn)
 v - a +0 scale mail
Jewellery
 h - an uncursed ring of magical power
 k - a ring of protection from magic (left hand)
 p - a ring of poison resistance (right hand)
Wands
 s - a wand of scattershot (4)
Scrolls
 b - 3 scrolls of teleportation
 c - 2 scrolls of remove curse {unknown}
 e - a scroll of enchant armour {unknown}
 g - 5 scrolls of identify {unknown}
 m - a scroll of magic mapping {unknown}
 n - a scroll of fog {unknown}
 w - 2 scrolls of random uselessness {unknown}
 y - a scroll of blinking {unknown}
Potions
 j - a potion of heal wounds {unknown}
 l - 2 potions of curing {unknown}
 o - 2 potions of magic {unknown}
 u - a potion of ambrosia {unknown}
Comestibles
 d - 7 rations


   Skills:
 + Level 3.4 Fighting
 + Level 5.1 Short Blades
 + Level 2.2 Long Blades
 + Level 2.2 Axes
 + Level 5.1 Maces & Flails
 + Level 2.2 Polearms
 + Level 2.2 Staves
 + Level 2.2 Slings
 + Level 2.2 Bows
 + Level 2.2 Crossbows
 + Level 2.2 Throwing
 + Level 5.1 Armour
 + Level 3.4 Dodging
 + Level 3.2 Stealth
 + Level 2.2 Shields
 + Level 2.2 Unarmed Combat
 + Level 2.2 Spellcasting
 + Level 1.8 Conjurations
 + Level 1.8 Hexes
 + Level 1.8 Charms
 + Level 1.8 Summonings
 + Level 1.8 Necromancy
 + Level 1.8 Translocations
 + Level 1.8 Transmutations
 + Level 1.8 Fire Magic
 + Level 1.8 Ice Magic
 + Level 1.8 Air Magic
 + Level 1.8 Earth Magic
 + Level 1.8 Poison Magic
 + Level 2.4 Invocations
 + Level 3.4 Evocations


You had 10 spell levels left.
You didn't know any spells.

Dungeon Overview and Level Annotations

Branches:
Dungeon (5/15)             Temple (1/1) D:4

Altars:
Cheibriados
Elyvilon
Makhleb
Qazlal
Sif Muna
Trog
Wu Jian
Zin
The Shining One

Annotations:
D:5 xccam's ghost, novice GnWn


Innate Abilities, Weirdness & Mutations

Your experience applies equally to all skills.
You have very sharp teeth.
Your uncanny sense of smell can sniff out nearby items.


Message History

There is a large open door here.
There is a stone staircase leading up here.
You hit xccam's ghost but do no damage.
The scorpion stings you but does no damage.
Xccam's ghost hits you but does no damage.
The scorpion stings you.
The gnoll hits you from afar with a spear.
You hit xccam's ghost but do no damage. Xccam's ghost hits you!
The scorpion barely misses you.
You hit xccam's ghost but do no damage. Xccam's ghost hits you.
The scorpion stings you. Xccam's ghost hits you!
You hit xccam's ghost but do no damage. The gnoll hits you but does no damage.
The scorpion stings you!
* * * LOW HITPOINT WARNING * * *
The gnoll hits you!
* * * LOW HITPOINT WARNING * * *
Xccam's ghost hits you.
* * * LOW HITPOINT WARNING * * *
The gnoll hits you from afar with a spear.
You die...

#.# #.# ... #.#
#.#.# #.#.#
#.#W# #.#@#
#.gs#
######gg#######
≈≈≈≈§≈g.≈≈≈§§§≈
§§§§...$..§.§.≈
.⌠##⌠....⌠##⌠.≈
. ##.††.## .≈
#....# #⌠.?..⌠


You could see a scorpion, xccam's ghost and 4 gnolls.

Vanquished Creatures
  An ogre (D:4)
  2 hounds (D:4)
  Terence (D:3)
  A worker ant (D:4)
  8 gnolls
  7 adders
  4 oozes
  An adder skeleton (D:3)
  2 worms
  6 dart slugs
  3 leopard geckos (D:2)
  4 orcs (D:4)
  A ball python (D:2)
  7 bats
  10 giant cockroaches
  7 goblins
  7 hobgoblins
  A jackal (D:2)
  9 kobolds
  2 quokkas
  8 frilled lizards
  9 rats
101 creatures vanquished.

Notes
Turn   | Place    | Note
-------+----------+-------------------------------------------
     0 | D:1      | xccam the Gnoll Wanderer began the quest for the Orb.
     0 | D:1      | xccam set off with: a +2 short sword, 2 scrolls of teleportation, a +0 robe, a ration
     0 | D:1      | Reached XP level 1. HP: 17/17 MP: 2/2
    25 | D:1      | Reached XP level 2. HP: 16/23 MP: 3/3
   335 | D:1      | Reached XP level 3. HP: 17/28 MP: 4/4
   852 | D:1      | Reached skill level 1 in Invocations
   977 | D:2      | Reached skill level 1 in Long Blades
   977 | D:2      | Reached skill level 1 in Axes
   977 | D:2      | Reached skill level 1 in Polearms
   977 | D:2      | Reached skill level 1 in Staves
   977 | D:2      | Reached skill level 1 in Slings
   977 | D:2      | Reached skill level 1 in Bows
   977 | D:2      | Reached skill level 1 in Crossbows
   977 | D:2      | Reached skill level 1 in Throwing
   977 | D:2      | Reached skill level 1 in Shields
   977 | D:2      | Reached skill level 1 in Unarmed Combat
   977 | D:2      | Reached skill level 1 in Spellcasting
   977 | D:2      | Reached XP level 4. HP: 12/34 MP: 6/6
  1334 | D:2      | Reached skill level 1 in Conjurations
  1334 | D:2      | Reached skill level 1 in Hexes
  1334 | D:2      | Reached skill level 1 in Charms
  1334 | D:2      | Reached skill level 1 in Summonings
  1334 | D:2      | Reached skill level 1 in Necromancy
  1334 | D:2      | Reached skill level 1 in Translocations
  1334 | D:2      | Reached skill level 1 in Transmutations
  1334 | D:2      | Reached skill level 1 in Fire Magic
  1334 | D:2      | Reached skill level 1 in Ice Magic
  1334 | D:2      | Reached skill level 1 in Air Magic
  1334 | D:2      | Reached skill level 1 in Earth Magic
  1334 | D:2      | Reached skill level 1 in Poison Magic
  1449 | D:2      | Reached XP level 5. HP: 36/40 MP: 7/7
  1856 | D:3      | Noticed Terence
  1876 | D:3      | Killed Terence
  1876 | D:3      | Reached XP level 6. HP: 37/47 MP: 8/8
  2059 | D:3      | Found a faded altar of an unknown god.
  2065 | D:3      | Became a worshipper of Zin the Law-Giver
  2065 | D:3      | Reached * piety under Zin
  2065 | D:3      | Reached ** piety under Zin
  2704 | D:4      | Found a staircase to the Ecumenical Temple.
  2737 | Temple   | Entered the Ecumenical Temple
  2742 | Temple   | Fell from the grace of Zin
  2742 | Temple   | Became a worshipper of the Shining One
  2742 | Temple   | Reached * piety under the Shining One
  2758 | D:4      | Reached skill level 5 in Short Blades
  2758 | D:4      | Reached skill level 5 in Maces & Flails
  2758 | D:4      | Reached skill level 5 in Armour
  3319 | D:4      | Reached XP level 7. HP: 38/52 MP: 10/10
  3780 | D:5      | Entered Level 5 of the Dungeon
  3783 | D:5      | Noticed xccam's ghost (novice GnWn)
  3797 | D:5      | HP: 1/52 [xccam's ghost (3)]
  3797 | D:5      | Slain by a gnoll

Vault maps used:
D:1:      mrwooster_arrival_statue_2, hangedman_decor_push
D:2:      minmay_joined_circles
D:3:      chequers_ecumenical_altar_grove, uniq_terence
D:4:      minmay_temple_entry_large_hall
D:5:      first_ration, basic_altar, serial_shops, shop, kennysheep_dice,
          uniq_eustachio
Temple:   compressed_dpeg_triangle_lava_temple

Skill      XL: |  1  2  3  4  5  6 |
---------------+-------------------+-----
Invocations    | 1 2 |  2.4
Long Blades    | 1 2 |  2.2
Axes           | 1 2 |  2.2
Polearms       | 1 2 |  2.2
Staves         | 1 2 |  2.2
Slings         | 1 2 |  2.2
Bows           | 1 2 |  2.2
Crossbows      | 1 2 |  2.2
Throwing       | 1 2 |  2.2
Shields        | 1 2 |  2.2
Unarmed Combat | 1 2 |  2.2
Spellcasting   | 1 2 |  2.2
Conjurations   | 1 |  1.8
Hexes          | 1 |  1.8
Charms         | 1 |  1.8
Summonings     | 1 |  1.8
Necromancy     | 1 |  1.8
Translocations | 1 |  1.8
Transmutations | 1 |  1.8
Fire Magic     | 1 |  1.8
Ice Magic      | 1 |  1.8
Air Magic      | 1 |  1.8
Earth Magic    | 1 |  1.8
Poison Magic   | 1 |  1.8
Fighting       | 3 |  3.4
Dodging        | 3 |  3.4
Evocations     | 3 |  3.4
Stealth        | 3 |  3.2
Short Blades   | 5 |  5.1
Maces & Flails | 5 |  5.1
Armour         | 5 |  5.1

Action                   |  1- 3 |  4- 6 |  7- 9 || total
-------------------------+-------+-------+-------++-------
Melee: Short sword       |    85 |   215 |       ||   300
       Bite              |     6 |    29 |     3 ||    38
       Long sword        |       |    13 |    27 ||    40
Evoke: Wand              |       |     1 |       ||     1
 Stab: Sleeping          |     1 |     4 |       ||     5
  Eat: Chunk             |       |     4 |     2 ||     6
       Ration            |       |     1 |       ||     1
Armor: Robe              |     5 |       |       ||     5
       Ring mail         |    23 |    88 |     9 ||   120
Dodge: Dodged            |    48 |   113 |    18 ||   179
       Rpst.: Long sword |       |     7 |     6 ||    13

Table legend:
 A = Spawn XP
 B = Non-spawn XP
 C = Spawn XP percentage of total XP
 D = Spawn monster count
 E = Non-spawn monster count
 F = Spawn count percentage of total count
 G = Total turns spent on level
                    A         B        C        D         E        F      G
               +---------+---------+-------+---------+---------+-------+---------
         Total |       0 |     671 |   0.0 |       0 |     101 |   0.0 |  3797
               +---------+---------+-------+---------+---------+-------+---------
           D:1 |       0 |      58 |   0.0 |       0 |      29 |   0.0 |  1160
           D:2 |       0 |     197 |   0.0 |       0 |      39 |   0.0 |   614
           D:3 |       0 |      90 |   0.0 |       0 |      16 |   0.0 |   813
           D:4 |       0 |     320 |   0.0 |       0 |      15 |   0.0 |  1180
           D:5 |       0 |       6 |   0.0 |       0 |       2 |   0.0 |    17
               +---------+---------+-------+---------+---------+-------+---------
